[Event "Titled Tuesday Blitz May 30 Early 2023"]
[White "Goryachkina, Aleksandra"]
[Black "Fernandez Garcia, Gumersindo"]
[WhiteFideId "4147103"]
[BlackFideId "24516740"]
[WhiteElo "2471"]
[BlackElo "2093"]
[Result "0-1"]
[Round "10"]
[TimeControl "180+2"]
[Date "2023.05.30"]
[WhiteClock "0:00:00"]
[BlackClock "0:00:11"]

1. Nf3 Nf6 2. c4 g6 3. g3 Bg7 4. Bg2 O-O 5. O-O d6 6. d4 Nbd7 7. Nc3 e5 8. e4 exd4 9. Nxd4 Re8 10. Re1 a6 11. h3 Rb8 12. Rb1 c5 13. Nc2 b5 14. Qxd6 Rb6 15. Qd1 bxc4 16. Ne3 Ne5 17. Qxd8 Rxd8 18. f4 Nd3 19. Rd1 Rbd6 20. Nxc4 Rd4 21. Ne3 Nh5 22. Ne2 Nxc1 23. Rbxc1 Rxd1+ 24. Rxd1 Rxd1+ 25. Nxd1 a5 26. g4 Ba6 27. Kf2 Bxe2 28. Kxe2 Nxf4+ 29. Kf3 Nd3 30. b3 Nc1 31. Bf1 Nxa2 32. Bc4 Nb4 33. Ne3 Bd4 34. Nd5 Nc6 35. Bb5 Ne5+ 36. Ke2 Kg7 37. Ne7 Kf6 38. Nc6 Kg5 39. Nxe5 Bxe5 40. Kf3 Kh4 41. Kg2 Bd4 42. Bc4 f6 43. Bg8 h6 44. Bf7 Kg5 45. Kf3 h5 46. Be8 h4 47. Bf7 Kh6 48. Be8 g5 49. Bb5 Kg7 50. Bc4 Kf8 51. Bb5 Ke7 52. Bc4 Kd6 53. Bb5 Ke5 54. Bc4 Bb2 55. Bf7 Kd4 56. Bg8 Bc1 57. Bf7 Kc3 58. Ke2 Bf4 59. Be6 Be5 60. Bf7 Kd4 61. Kf3 Kd3 62. Bg8 a4 63. bxa4 c4 64. a5 c3 65. Bb3 c2 66. Bxc2+ Kxc2 67. a6 Bb8 68. e5 fxe5 69. Ke4 Kd2 70. Kf5 Kd3 71. Kxg5 e4 72. Kh5 e3 0-1


[Site "https://www.chess.com"]

[Event "Titled Tuesday Blitz May 30 Early 2023"]
[White "Begunov, Konstantin"]
[Black "Agibileg, Uurtsaikh"]
[WhiteFideId "4118510"]
[BlackFideId "4901606"]
[WhiteElo "2050"]
[BlackElo "2353"]
[Result "0-1"]
[Round "10"]
[TimeControl "180+2"]
[Date "2023.05.30"]
[WhiteClock "0:00:15"]
[BlackClock "0:02:20"]

1. d4 Nf6 2. c4 g6 3. f3 Bg7 4. e4 O-O 5. Nc3 d6 6. Be3 e5 7. Nge2 a6 8. Qd2 b5 9. cxb5 axb5 10. Nxb5 Nc6 11. d5 Na5 12. Nec3 Nb3 13. Qd1 Nxa1 14. Qxa1 Nh5 15. Be2 Nf4 16. g3 Nxe2 17. Kxe2 Ba6 18. a4 c6 19. dxc6 d5 20. exd5 Bxb5+ 21. Nxb5 Qxd5 22. Rc1 e4 23. f4 Qh5+ 24. Kf1 Qf3+ 25. Bf2 e3 26. Rc2 exf2 0-1


[Site "https://www.chess.com"]

[Event "Titled Tuesday Blitz May 30 Early 2023"]
[White "Dilmukhametov, Artur"]
[Black "Souleidis, Georgios"]
[WhiteFideId "24179922"]
[BlackFideId "4206827"]
[WhiteElo "2242"]
[BlackElo "2401"]
[Result "0-1"]
[Round "10"]
[TimeControl "180+2"]
[Date "2023.05.30"]
[WhiteClock "0:00:01"]
[BlackClock "0:00:05"]

1. e4 c5 2. f4 e6 3. Nf3 a6 4. d3 d5 5. Nbd2 Nc6 6. Be2 b5 7. O-O Bb7 8. Kh1 Nf6 9. Qe1 Be7 10. e5 Nd7 11. Qg3 g6 12. c3 a5 13. a4 b4 14. c4 Nd4 15. Nxd4 cxd4 16. Nf3 dxc4 17. Nxd4 Nc5 18. Nb5 cxd3 19. Bf3 Bxf3 20. Qxf3 O-O 21. Be3 Qd7 22. Rfd1 Rfd8 23. Rac1 Rac8 24. Bxc5 Rxc5 25. Rxc5 Bxc5 26. b3 d2 27. h3 h5 28. Kh2 Qd3 29. Kg3 h4+ 30. Kxh4 Qxf3 31. gxf3 Be3 32. Nd6 Bxf4 33. Kg4 Bxe5 34. Nc4 Bc3 35. Nxa5 f5+ 36. Kg3 e5 37. Kf2 Kf7 38. Nc4 Ke6 39. Ke2 Rh8 40. Nxd2 Rxh3 41. Nc4 Rh2+ 42. Ke3 f4+ 43. Ke4 Re2+ 44. Kd3 Rf2 45. Ke4 Bd4 46. a5 g5 47. a6 Ra2 48. a7 Rxa7 49. Rh1 Ra2 50. Rh6+ Kf7 51. Kf5 Rg2 52. Rh7+ Kg8 53. Ra7 g4 54. Rb7 gxf3 55. Nd6 f2 56. Rb8+ Kh7 57. Rb7+ Kh6 58. Nf7+ Kh5 59. Nxe5 Rg5+ 60. Kxf4 Bxe5+ 61. Ke4 f1=Q 62. Rh7+ Kg4 63. Rf7 Qxf7 64. Ke3 Qf4+ 65. Kd3 Qd4+ 66. Kc2 Qc3+ 67. Kd1 Qb2 0-1


[Site "https://www.chess.com"]

[Event "Titled Tuesday Blitz May 30 Early 2023"]
[White "Garv Gaur"]
[Black "Janik, Igor"]
[WhiteFideId "45030839"]
[BlackFideId "1159259"]
[WhiteElo "2068"]
[BlackElo "2484"]
[Result "0-1"]
[Round "10"]
[TimeControl "180+2"]
[Date "2023.05.30"]
[WhiteClock "0:00:03"]
[BlackClock "0:00:09"]

1. Nf3 d5 2. g3 Nf6 3. Bg2 Bg4 4. O-O e6 5. h3 Bh5 6. d4 c6 7. c4 Be7 8. Ne5 Nbd7 9. Nc3 O-O 10. g4 Bg6 11. f4 Nxe5 12. dxe5 Ne4 13. Nxe4 Bxe4 14. Bxe4 dxe4 15. Qc2 Bc5+ 16. Kg2 e3 17. Rd1 Qh4 18. Rf1 f6 19. exf6 gxf6 20. b3 f5 21. g5 e5 22. Bb2 exf4 23. Rf3 Rad8 24. Qc3 Bd4 25. Qxd4 Rxd4 26. Bxd4 Rd8 27. Bc3 Kf7 28. Rg1 Ke6 29. Kh2 Rd2 30. Bxd2 exd2 31. Rff1 Ke5 32. b4 Ke4 33. b5 Ke3 34. bxc6 bxc6 35. Rb1 Qf2+ 36. Kh1 Kxe2 37. c5 Qf3+ 38. Kh2 Qd3 39. Rbd1 f3 40. Rgf1 f2 41. Kg2 Qf3+ 42. Kh2 f4 43. a4 Qg3+ 44. Kh1 Qxh3# 0-1


[Site "https://www.chess.com"]

[Event "Titled Tuesday Blitz May 30 Early 2023"]
[White "Hasangatin, Ramil"]
[Black "Budrewicz, Krzysztof"]
[WhiteFideId "4122160"]
[BlackFideId "1127950"]
[WhiteElo "2279"]
[BlackElo "2230"]
[Result "0-1"]
[Round "10"]
[TimeControl "180+2"]
[Date "2023.05.30"]
[WhiteClock "0:00:00"]
[BlackClock "0:00:34"]

1. e4 g6 2. d4 Bg7 3. Nc3 d6 4. Nf3 a6 5. h3 b5 6. a4 b4 7. Nd5 a5 8. Bd3 c6 9. Ne3 Nd7 10. O-O e5 11. d5 c5 12. Bb5 Nf6 13. Nd2 O-O 14. Nec4 Nb6 15. Nxb6 Qxb6 16. Nc4 Qc7 17. f3 Nh5 18. Be3 f5 19. Qd2 Ng3 20. Rfe1 fxe4 21. fxe4 Nxe4 22. Qd3 Nf6 23. Bc6 Rb8 24. Bg5 Bf5 25. Qe2 Ne4 26. Be3 h5 27. g4 hxg4 28. hxg4 Bd7 29. Bxd7 Qxd7 30. Kg2 Bh6 31. Rf1 Bxe3 32. Nxe3 Ng5 33. Nc4 e4 34. Nd2 Rf3 35. Rxf3 Qxg4+ 36. Kf2 exf3 37. Qe3 Qg2+ 38. Ke1 f2+ 39. Kd1 f1=Q+ 40. Nxf1 Qxf1+ 41. Kd2 Nf3+ 0-1


[Site "https://www.chess.com"]

[Event "Titled Tuesday Blitz May 30 Early 2023"]
[White "Liu, Xiangyi"]
[Black "Gheorghiu, Calin"]
[WhiteFideId "8605718"]
[BlackFideId "1200305"]
[WhiteElo "2323"]
[BlackElo "2223"]
[Result "1/2-1/2"]
[Round "10"]
[TimeControl "180+2"]
[Date "2023.05.30"]
[WhiteClock "0:00:54"]
[BlackClock "0:00:05"]

1. e4 e6 2. Nf3 d5 3. e5 c5 4. g3 Nc6 5. Bg2 Nge7 6. O-O Nf5 7. d3 Be7 8. h4 O-O 9. Re1 b5 10. h5 h6 11. c3 Bb7 12. Nbd2 d4 13. Ne4 dxc3 14. bxc3 b4 15. g4 Nh4 16. Nxh4 Bxh4 17. Nxc5 Qe7 18. cxb4 Rad8 19. Nxb7 Qxb7 20. Qa4 Qxb4 21. Qxb4 Nxb4 22. Ba3 Nxd3 23. Bxf8 Bxf2+ 24. Kf1 Bxe1 25. Be7 Rd7 26. Rb1 Rxe7 27. Rb8+ Kh7 28. Be4+ g6 29. Bxd3 Bc3 30. Rb5 Rc7 31. Ke2 Bd4 32. Kf3 Kg7 33. Ke4 Bb6 34. hxg6 fxg6 35. Rb4 Rc1 36. Rb2 Re1+ 37. Be2 h5 38. gxh5 gxh5 39. Kf4 h4 40. Kg4 Bd4 41. Rb7+ Kh6 42. Bd3 Rg1+ 43. Kxh4 Bf2+ 44. Kh3 Rg3+ 45. Kh2 Rxd3 46. Re7 Kg6 47. Rxe6+ Kf5 48. Rf6+ Kxe5 49. Rxf2 Kd4 50. Rf4+ Kc3 51. Ra4 Rd7 52. Kg3 Rb7 53. Kf3 Re7 54. Ra6 Rb7 55. Ke4 Re7+ 56. Kd5 Rb7 57. Kc6 Rb6+ 58. Rxb6 axb6 59. Kxb6 Kb4 60. Ka6 Ka3 61. Kb5 Kxa2 1/2-1/2


[Site "https://www.chess.com"]

[Event "Titled Tuesday Blitz May 30 Early 2023"]
[White "Aradhya, Garg"]
[Black "Tologon tegin, Semetei"]
[WhiteFideId "25006746"]
[BlackFideId "13800574"]
[WhiteElo "2263"]
[BlackElo "2247"]
[Result "0-1"]
[Round "10"]
[TimeControl "180+2"]
[Date "2023.05.30"]
[WhiteClock "0:00:00"]
[BlackClock "0:00:12"]

1. d4 d5 2. c4 e6 3. Nc3 a6 4. cxd5 exd5 5. a3 c6 6. Bf4 Bd6 7. Bxd6 Qxd6 8. e3 Nf6 9. Bd3 O-O 10. h3 Re8 11. Nf3 Nbd7 12. O-O Nf8 13. Ne5 Ng6 14. f4 c5 15. Qf3 cxd4 16. exd4 Qb6 17. Qf2 Nf8 18. g4 Ne6 19. Rad1 Kf8 20. Bb1 Qd6 21. Rfe1 b6 22. f5 Ng5 23. Qe3 h6 24. h4 Nxg4 25. Qg3 Nxe5 26. dxe5 Qc5+ 27. Kh2 Ne4 28. Bxe4 dxe4 29. Rxe4 Bxf5 30. Re2 Rad8 31. Rde1 g6 32. Qf4 h5 33. Rg2 Rd4 34. Qg5 Rxe5 35. Rge2 Rxe2+ 36. Rxe2 Qd6+ 37. Kh1 Kg7 0-1


[Site "https://www.chess.com"]

[Event "Titled Tuesday Blitz May 30 Early 2023"]
[White "Arabidze, Meri"]
[Black "Moral Garcia, Serafin"]
[WhiteFideId "13604040"]
[BlackFideId "2201925"]
[WhiteElo "2405"]
[BlackElo "2274"]
[Result "1-0"]
[Round "10"]
[TimeControl "180+2"]
[Date "2023.05.30"]
[WhiteClock "0:00:15"]
[BlackClock "0:00:15"]

1. Nf3 Nf6 2. b3 g6 3. Bb2 Bg7 4. g3 c5 5. Bg2 O-O 6. O-O Nc6 7. c4 d6 8. e3 a6 9. Nc3 Rb8 10. d4 Bg4 11. Ne2 Qd7 12. d5 Nd8 13. Nf4 e5 14. dxe6 Nxe6 15. Bxf6 Bxf6 16. Nd5 Bg7 17. h3 Bxf3 18. Bxf3 Ng5 19. h4 Bxa1 20. hxg5 Bg7 21. Bg4 Qd8 22. f4 f5 23. Be2 Qd7 24. Kg2 h5 25. gxh6 Bxh6 26. g4 Bg7 27. Rh1 Rbe8 28. Qe1 Qe6 29. Qh4 Qe4+ 30. Bf3 Qc2+ 31. Kg3 Kf7 32. Qg5 Rh8 33. Rxh8 Bxh8 34. Nc7 Re7 35. Bd5+ Kg7 36. Qxe7+ Kh6 37. g5+ 1-0


[Site "https://www.chess.com"]

[Event "Titled Tuesday Blitz May 30 Early 2023"]
[White "MaryanKyrychenko"]
[Black "Bilan, Danila"]
[BlackFideId "24161918"]
[WhiteElo "2631"]
[BlackElo "2182"]
[Result "0-1"]
[Round "10"]
[TimeControl "180+2"]
[Date "2023.05.30"]
[WhiteClock "0:00:38"]
[BlackClock "0:00:14"]

1. e4 c6 2. d4 d5 3. e5 c5 4. dxc5 e6 5. a3 Bxc5 6. b4 Bb6 7. Bb2 a5 8. b5 Nd7 9. Nf3 Ne7 10. Bd3 Nc5 11. O-O Bd7 12. a4 Rc8 13. Re1 Qc7 14. Na3 Ng6 15. g3 Nxa4 16. Bd4 Bxd4 17. Nxd4 Nxe5 18. b6 Nxb6 19. Nab5 Qb8 20. Rxa5 Nbc4 21. Bxc4 Nxc4 22. Ra1 O-O 23. c3 e5 24. Na7 exd4 25. Nxc8 Qxc8 26. Qxd4 Be6 27. Ra7 b6 28. Re7 Qc5 29. Qh4 Nd2 30. Kg2 Ne4 31. Rb7 Qxf2+ 32. Kh1 Qxe1+ 33. Kg2 Qf2+ 34. Kh1 Qf1# 0-1


[Site "https://www.chess.com"]

[Event "Titled Tuesday Blitz May 30 Early 2023"]
[White "Ibadov, Dashgyn"]
[Black "Chylewski, Patryk"]
[WhiteFideId "24107514"]
[BlackFideId "1186191"]
[WhiteElo "2208"]
[BlackElo "2163"]
[Result "1-0"]
[Round "10"]
[TimeControl "180+2"]
[Date "2023.05.30"]
[WhiteClock "0:00:18"]
[BlackClock "0:00:02"]

1. e4 c6 2. d4 d5 3. exd5 cxd5 4. Bd3 Nc6 5. c3 Nf6 6. h3 g6 7. Nf3 Bf5 8. Be2 Bg7 9. Bf4 O-O 10. O-O Re8 11. Nbd2 Na5 12. Re1 Qb6 13. Qc1 Rac8 14. Ne5 Nc6 15. g4 Be6 16. Nb3 Ne4 17. Qe3 Nxe5 18. dxe5 Qxe3 19. Bxe3 Bxe5 20. Bxa7 Bd7 21. Bf1 Bd6 22. Be3 e6 23. Rad1 Ba4 24. Rd4 Ra8 25. Bg2 Nf6 26. Bg5 Nd7 27. Bxd5 exd5 28. Rxe8+ Rxe8 29. Rxa4 f6 30. Be3 Ne5 31. Kg2 Kf7 32. Ra7 Re7 33. Bc5 Bb8 34. Ra8 Bd6 1-0


[Site "https://www.chess.com"]

[Event "Titled Tuesday Blitz May 30 Early 2023"]
[White "SashaKuzhilniy"]
[Black "Devaev, Alexander"]
[BlackFideId "4169395"]
[WhiteElo "2627"]
[BlackElo "2172"]
[Result "0-1"]
[Round "10"]
[TimeControl "180+2"]
[Date "2023.05.30"]
[WhiteClock "0:00:00"]
[BlackClock "0:00:08"]

1. b3 d5 2. Bb2 c5 3. e3 a6 4. Nf3 Nc6 5. d4 cxd4 6. Nxd4 Nf6 7. Nxc6 bxc6 8. c4 Bg4 9. Be2 Bxe2 10. Qxe2 e6 11. O-O Be7 12. Nc3 O-O 13. Rfd1 a5 14. e4 Bb4 15. exd5 cxd5 16. cxd5 exd5 17. Nb5 Re8 18. Qf3 Ne4 19. Nd4 Bc5 20. Rac1 Rc8 21. Qg4 f6 22. h3 Qb6 23. Rc2 a4 24. Re2 axb3 25. axb3 Bxd4 26. Bxd4 Qxb3 27. Re3 Qa4 28. Ree1 Qc6 29. h4 Red8 30. f3 Nc3 31. Bxc3 Qxc3 32. Qe6+ Kh8 33. Rxd5 Qxe1+ 34. Qxe1 Rxd5 35. Qe6 Rcd8 36. Kh2 h6 37. Qf7 R5d7 38. Qe6 Rd6 39. Qe7 R6d7 40. Qe6 Rc7 41. Qb6 Rdd7 42. Qb8+ Kh7 43. Qb1+ Kg8 44. Qb8+ Kf7 45. Qb3+ Kf8 46. Qb8+ Ke7 47. Qb4+ Rd6 48. Qg4 Kf7 49. Qb4 Re6 50. Qb3 Re7 51. h5 Kf8 52. Qb8+ Re8 53. Qb4+ Kg8 54. Kg3 Re5 55. Qc4+ Kh8 56. Kg4 Rg5+ 57. Kh4 Rge5 58. g4 Re1 59. Qa4 Rh1+ 60. Kg3 Rhe1 61. Qc6 R1e6 62. Qd5 Re5 63. Qd7 R5e7 64. Qa4 Rf8 65. Qb4 Ref7 66. Kf4 Re8 67. Qb5 Rfe7 68. Qc4 Re1 69. Qa4 Rd8 70. Qa5 Red1 71. Kg3 R1d5 72. Qb4 Rd4 73. Qb6 R4d7 74. Qe6 Rd6 75. Qe7 Rd1 76. Qb4 Re8 77. Kf4 Rde1 78. Qb5 R1e5 79. Qb3 Rf8 80. Qc3 Rg5 81. Qb4 Rd8 82. Qe7 Ra8 83. Qc7 Ra4+ 84. Kg3 f5 85. Qc8+ Kh7 86. Kh4 Rd4 87. Qc3 Rd6 88. Kg3 Rf6 89. Qd3 Kh8 90. Qd8+ Kh7 91. Qd3 Kg8 92. Qd8+ Rf8 93. Qd5+ Kh8 94. Qd4 f4+ 95. Kf2 Ra5 96. Qc4 Raa8 97. Qd4 Rad8 98. Qb4 Rf6 99. Qe7 Rdf8 100. Qe5 R6f7 101. Kg2 Rd8 102. Kh3 Rff8 103. g5 hxg5 104. h6 Rd7 105. Kg4 Kg8 0-1


[Site "https://www.chess.com"]

[Event "Titled Tuesday Blitz May 30 Early 2023"]
[White "Sharan, Rao"]
[Black "brm72"]
[WhiteFideId "5073464"]
[WhiteElo "2231"]
[BlackElo "2618"]
[Result "1-0"]
[Round "10"]
[TimeControl "180+2"]
[Date "2023.05.30"]
[WhiteClock "0:00:27"]
[BlackClock "0:00:00"]

1. d4 Nf6 2. Nc3 d5 3. Bf4 a6 4. e3 e6 5. g4 c5 6. g5 Nfd7 7. Qg4 cxd4 8. exd4 Nc6 9. O-O-O Bb4 10. Nge2 b5 11. Qg3 Ra7 12. h4 Ne7 13. Bh3 Nb6 14. Be5 Rg8 15. Nf4 Nc4 16. Nh5 Nxe5 17. Qxe5 Ng6 18. Qe3 Rc7 19. Rd3 Kf8 20. f4 Ne7 21. f5 Nxf5 22. Bxf5 exf5 23. Nf4 Bb7 24. h5 Re7 25. Qh3 Qd7 26. g6 fxg6 27. hxg6 h6 28. Rf1 Ke8 29. a3 Ba5 30. Nfe2 Rf8 31. Rdf3 Bc8 32. Nf4 Bxc3 33. Rxc3 Re4 34. Nxd5 1-0


[Site "https://www.chess.com"]

[Event "Titled Tuesday Blitz May 30 Early 2023"]
[White "Jaskolka, Tomasz"]
[Black "Iskusnyh, Sergei"]
[WhiteFideId "1170791"]
[BlackFideId "4120027"]
[WhiteElo "2155"]
[BlackElo "2492"]
[Result "0-1"]
[Round "10"]
[TimeControl "180+2"]
[Date "2023.05.30"]
[WhiteClock "0:00:53"]
[BlackClock "0:00:26"]

1. e4 e6 2. Nf3 d5 3. e5 c5 4. b4 d4 5. bxc5 Bxc5 6. Bd3 Ne7 7. O-O Nbc6 8. c3 Ng6 9. Re1 O-O 10. Bb2 dxc3 11. dxc3 Bxf2+ 12. Kxf2 Qb6+ 13. Kf1 Qxb2 14. Nbd2 Qxc3 15. Ne4 Qa3 16. Qd2 Ncxe5 17. Nxe5 Nxe5 18. Bc2 Bd7 19. Ng5 Bb5+ 20. Kg1 Qc5+ 21. Kh1 h6 22. Ne4 Qc7 23. Rac1 Bc6 24. Qf4 Rac8 25. Ng3 Ng6 26. Qg4 Qf4 27. Qh5 Qg5 28. Bxg6 Qxg6 29. Qxg6 fxg6 30. Kg1 Bd5 31. Rb1 Rc2 32. Re2 Rfc8 33. a3 g5 34. Kf2 Rxe2+ 35. Nxe2 Rc2 36. Ke3 Kf7 37. g3 Ra2 38. Kd4 Rxe2 39. h4 gxh4 40. gxh4 Re4+ 41. Kc5 Rxh4 42. a4 Rxa4 43. Kd6 g5 44. Ke5 Kg6 45. Rc1 g4 46. Rc8 Kg5 47. Rg8+ Kh4 48. Rg6 h5 49. Kd6 Kg3 50. Rh6 h4 51. Ke5 h3 52. Kf6 h2 53. Kg5 h1=Q 54. Rxh1 Bxh1 55. Kf6 Kf4 56. Kg6 g3 57. Kh5 g2 58. Kh4 g1=Q 59. Kh3 Qg2+ 60. Kh4 Qh2# 0-1


[Site "https://www.chess.com"]

[Event "Titled Tuesday Blitz May 30 Early 2023"]
[White "MKlose11"]
[Black "Ladan, Nicholas"]
[BlackFideId "30918855"]
[WhiteElo "2613"]
[BlackElo "2167"]
[Result "0-1"]
[Round "10"]
[TimeControl "180+2"]
[Date "2023.05.30"]
[WhiteClock "0:00:07"]
[BlackClock "0:00:11"]

1. e4 e5 2. Nf3 Nc6 3. d4 exd4 4. Bc4 Nf6 5. O-O Nxe4 6. Re1 d5 7. Bxd5 Qxd5 8. Nc3 Qd7 9. Rxe4+ Be7 10. Nxd4 f5 11. Rf4 O-O 12. Nxc6 Qxc6 13. Qd5+ Qxd5 14. Nxd5 Bd8 15. Rd4 c6 16. Nf4 Bf6 17. Rd1 Rd8 18. Rxd8+ Bxd8 19. Be3 g5 20. Nd3 Bf6 21. f4 h6 22. Kf2 b6 23. Rd1 Be6 24. a3 Rd8 25. Rd2 c5 26. c3 Kf8 27. Ne1 Rxd2+ 28. Bxd2 Bd5 29. Nf3 g4 30. Ne1 Be4 31. g3 Ke7 32. Ke3 c4 33. Ke2 Kd6 34. Be3 Kd5 35. Kd2 Bd8 36. Bd4 h5 37. Ke3 a5 38. Kd2 b5 39. Ke3 Be7 40. Kd2 b4 41. axb4 axb4 42. Ke3 b3 43. Kd2 h4 44. Bf2 h3 45. Bd4 Bb1 46. Ke3 Be4 47. Kd2 Bh1 48. Ke3 Ba3 49. bxa3 b2 50. Nc2 b1=Q 51. Nb4+ Ke6 0-1


[Site "https://www.chess.com"]

[Event "Titled Tuesday Blitz May 30 Early 2023"]
[White "Janaszak, Dawid"]
[Black "Kleiman, Jake"]
[WhiteFideId "1119206"]
[BlackFideId "2020041"]
[WhiteElo "2220"]
[BlackElo "2601"]
[Result "0-1"]
[Round "10"]
[TimeControl "180+2"]
[Date "2023.05.30"]
[WhiteClock "0:00:05"]
[BlackClock "0:00:07"]

1. e4 e5 2. Nf3 Nc6 3. d4 exd4 4. Nxd4 Bb4+ 5. c3 Bc5 6. Nf5 Qf6 7. Be3 Bxe3 8. Nxe3 Nge7 9. Qd2 O-O 10. c4 d6 11. Nc3 Be6 12. Be2 Qg6 13. O-O f5 14. exf5 Nxf5 15. Nxf5 Bxf5 16. Kh1 Rae8 17. f4 Kh8 18. Bf3 Bd3 19. Bh5 Qxh5 20. Qxd3 Re6 21. Qd5 Qf7 22. g3 Kg8 23. Rae1 Rfe8 24. Rxe6 Rxe6 25. Kg2 Nd8 26. Rf2 Kf8 27. Qd3 h6 28. Re2 c6 29. b3 Rxe2+ 30. Nxe2 Qe7 31. Nd4 Nf7 32. Qf5 Kg8 33. Ne6 a5 34. g4 Qh4 35. h3 Qe7 36. a3 Nd8 37. Nxd8 Qxd8 38. Qe6+ Kf8 39. f5 Qe7 40. Qc8+ Kf7 41. Kf3 d5 42. cxd5 cxd5 43. Qc2 Qe5 44. Qd3 Kf6 45. b4 axb4 46. axb4 h5 47. b5 h4 48. Kg2 Kg5 49. Qd2+ Kf6 50. Qd3 Ke7 51. Qd2 Qg3+ 52. Kf1 Qxh3+ 53. Ke1 Qh1+ 54. Kf2 Qh2+ 0-1


[Site "https://www.chess.com"]

[Event "Titled Tuesday Blitz May 30 Early 2023"]
[White "Fiorito, Francisco"]
[Black "Garakov, Mikhael"]
[WhiteFideId "180165"]
[BlackFideId "4169034"]
[WhiteElo "2341"]
[BlackElo "2347"]
[Result "0-1"]
[Round "10"]
[TimeControl "180+2"]
[Date "2023.05.30"]
[WhiteClock "0:00:15"]
[BlackClock "0:00:14"]

1. Nf3 c5 2. b3 b6 3. g3 Bb7 4. Bg2 Nf6 5. Bb2 e6 6. O-O Be7 7. e3 O-O 8. c4 d6 9. d4 cxd4 10. Qxd4 Qc7 11. Nc3 a6 12. Rad1 Nbd7 13. Rfe1 Rac8 14. e4 Qb8 15. Nd2 Rfd8 16. Nf1 Ba8 17. Qd3 Bc6 18. Qe2 b5 19. Ne3 b4 20. Nb1 Bxe4 21. Bxe4 Nxe4 22. Bxg7 Kxg7 23. Qg4+ Ng5 24. f4 Qb7 25. fxg5 Ne5 26. Qd4 Bxg5 27. Nd2 Bf6 28. Kf2 d5 29. cxd5 Rc3 30. h3 Nd3+ 31. Qxd3 Rxd3 32. Ne4 Rxd1 33. Rxd1 exd5 34. Nc5 Qa7 35. Nd3 Re8 36. Re1 Rxe3 37. Rxe3 Bd4 38. Kf3 Bxe3 39. Ne5 Qd4 40. Ng4 Qe4+ 41. Ke2 d4 42. Kd1 d3 43. Nf2 Bxf2 44. Kd2 Bxg3 45. Kc1 Be5 46. Kb1 Kg6 47. Kc1 Kh5 48. Kd1 Kh4 49. Kd2 Kxh3 50. a3 bxa3 51. b4 a2 52. b5 axb5 53. Kd1 b4 54. Kd2 b3 55. Kd1 Kg4 56. Kd2 h5 57. Kd1 h4 58. Kd2 h3 59. Kd1 h2 60. Kd2 f5 61. Kd1 f4 62. Kd2 f3 63. Kd1 f2 64. Kd2 b2 65. Kd1 h1=Q+ 66. Kd2 Qh2 67. Kd1 b1=Q+ 68. Kd2 Qb2+ 69. Kd1 f1=Q# 0-1


[Site "https://www.chess.com"]

[Event "Titled Tuesday Blitz May 30 Early 2023"]
[White "Sowul, Bartosz"]
[Black "Pinheiro, Iung Alicio de O."]
[WhiteFideId "1137590"]
[BlackFideId "2104350"]
[WhiteElo "2188"]
[BlackElo "2283"]
[Result "0-1"]
[Round "10"]
[TimeControl "180+2"]
[Date "2023.05.30"]
[WhiteClock "0:00:06"]
[BlackClock "0:00:17"]

1. e4 e5 2. Nf3 Nc6 3. Bb5 a6 4. Bxc6 dxc6 5. O-O Bg4 6. h3 h5 7. d3 Qf6 8. Nbd2 g5 9. Re1 Bd7 10. Nc4 g4 11. Nfxe5 Be6 12. h4 Qxh4 13. Bf4 Qf6 14. Qd2 Bh6 15. Bxh6 Nxh6 16. d4 O-O-O 17. Qc3 h4 18. Na5 Qe7 19. Re3 h3 20. Nxb7 hxg2 21. Nxd8 Qh4 22. Kxg2 Nf5 23. Nxe6 Qh2+ 24. Kf1 Nxe3+ 25. Qxe3 Qh1+ 26. Ke2 Qxa1 27. Nxf7 Rh1 28. Qf4 Qd1+ 29. Ke3 Re1# 0-1


[Site "https://www.chess.com"]

[Event "Titled Tuesday Blitz May 30 Early 2023"]
[White "Fishchuk, Vladyslav"]
[Black "Streltsov, Alexey"]
[WhiteFideId "34122117"]
[BlackFideId "24104434"]
[WhiteElo "2082"]
[BlackElo "2595"]
[Result "0-1"]
[Round "10"]
[TimeControl "180+2"]
[Date "2023.05.30"]
[WhiteClock "0:00:00"]
[BlackClock "0:00:21"]

1. e4 c6 2. d4 d5 3. exd5 cxd5 4. Bd3 Nf6 5. c3 Bg4 6. Qb3 Qd7 7. h3 Bh5 8. Bg5 e6 9. Nd2 Be7 10. Ngf3 Nc6 11. Ne5 Qc7 12. Ndf3 O-O 13. O-O Bxf3 14. Nxf3 Ne4 15. Be3 f5 16. Bxe4 fxe4 17. Nd2 Na5 18. Qc2 b5 19. a3 Nc4 20. Nxc4 bxc4 21. Rae1 Rab8 22. Bc1 Bh4 23. Qe2 Qf7 24. Qg4 Bxf2+ 25. Kh1 Bxe1 26. Rxf7 Rxf7 27. Qxe6 Bg3 28. Qxd5 Rf8 29. Qxc4 Kh8 30. Kg1 Rf1+ 31. Qxf1 Bh2+ 32. Kxh2 Rxf1 33. Be3 Re1 34. Bd2 Re2 35. Bf4 Rxb2 36. d5 Kg8 37. Kg3 Kf7 38. Be5 g5 39. Bd4 Rb3 40. a4 Ra3 41. Kg4 Rxa4 42. Be3 h6 43. Kf5 Rc4 44. Bxa7 Rxc3 45. Kxe4 Rg3 46. d6 Ke6 47. d7 Kxd7 48. Bf2 Rxg2 49. Kf3 Rxf2+ 50. Kxf2 Ke6 51. Ke2 Kf5 52. Kf3 h5 53. Kg3 Ke5 54. Kf3 Kd4 55. Kg3 Ke3 56. Kg2 Ke2 57. Kg3 Kf1 58. Kf3 Kg1 59. Kg3 Kh1 60. h4 g4 0-1


[Site "https://www.chess.com"]

[Event "Titled Tuesday Blitz May 30 Early 2023"]
[White "Srebrnic, Marko"]
[Black "koncheto"]
[WhiteFideId "14603616"]
[WhiteElo "2341"]
[BlackElo "2593"]
[Result "0-1"]
[Round "10"]
[TimeControl "180+2"]
[Date "2023.05.30"]
[WhiteClock "0:00:16"]
[BlackClock "0:00:08"]

1. e4 e5 2. Nc3 Nc6 3. Bc4 Nf6 4. d3 Bc5 5. f4 d6 6. Nf3 h6 7. a3 a6 8. f5 g6 9. fxg6 fxg6 10. Nh4 Ng4 11. Nxg6 Qf6 12. Qf3 Qxg6 13. Rf1 Be6 14. Bxe6 Qxe6 15. Nd5 O-O-O 16. h3 Nd4 17. Qd1 c6 18. c3 Nh2 19. Rf6 Qd7 20. cxd4 cxd5 21. dxc5 dxc5 22. Be3 dxe4 23. dxe4 Qe7 24. Qxd8+ Rxd8 25. Rf5 Qd6 26. Rc1 Qd3 27. Rc3 Qd1+ 28. Kf2 Nf1 29. Bxc5 Kb8 30. Be3 Nxe3 31. Kxe3 Qd2+ 32. Kf3 Qxb2 33. Re3 Qd2 34. Rxe5 Rd3 35. Rxd3 Qxd3+ 36. Kf4 Qd6 37. Kf5 Qxa3 38. Re6 Qg3 39. Rg6 Qf2+ 40. Ke6 a5 41. e5 a4 42. Kd7 Qf5+ 43. e6 Qxg6 44. e7 a3 45. h4 h5 46. g4 hxg4 47. h5 Qxh5 48. Ke6 Qe8 49. Kf6 a2 50. Kg5 Qxe7+ 51. Kh5 Qf6 52. Kxg4 Qf2 53. Kg5 Qf3 54. Kg6 Qf4 55. Kg7 Qf5 56. Kg8 Qf6 57. Kh7 Qg5 58. Kh8 Kc7 59. Kh7 Kd7 0-1


[Site "https://www.chess.com"]

[Event "Titled Tuesday Blitz May 30 Early 2023"]
[White "ChawitAp"]
[Black "Bartel, Michal"]
[BlackFideId "1119257"]
[WhiteElo "2436"]
[BlackElo "2282"]
[Result "0-1"]
[Round "10"]
[TimeControl "180+2"]
[Date "2023.05.30"]
[WhiteClock "0:00:12"]
[BlackClock "0:00:37"]

1. d4 Nf6 2. Nf3 c5 3. c3 b6 4. Bf4 Bb7 5. Nbd2 d6 6. e3 g6 7. a4 Bg7 8. h3 O-O 9. Be2 a6 10. O-O Nbd7 11. Bh2 Qc7 12. Qb3 Rac8 13. Rfe1 Qb8 14. Qd1 Rfe8 15. Bc4 Qa8 16. Qe2 d5 17. Bd3 Ne4 18. Ne5 Nxe5 19. Bxe5 Nxd2 20. Qxd2 f6 21. Bh2 e5 22. Re2 Bc6 23. a5 c4 24. Bc2 b5 25. Rae1 e4 26. Bd6 Qb7 27. Bc5 Qf7 28. Rf1 f5 29. f4 exf3 30. Rxf3 Qd7 31. Ref2 Bh6 32. Qe2 Re6 33. g4 fxg4 34. hxg4 Rce8 35. Rf7 Qxf7 36. Rxf7 Kxf7 37. Qf3+ Kg8 38. Qh3 Bxe3+ 39. Kf1 Rf6+ 40. Kg2 Rf2+ 41. Kg3 Rxc2 42. Bd6 Bf2+ 43. Kf3 Re3+ 44. Kf4 Rxh3 0-1


[Site "https://www.chess.com"]

[Event "Titled Tuesday Blitz May 30 Early 2023"]
[White "Marra, Eduardo da Costa"]
[Black "Estrada Nieto, Julian"]
[WhiteFideId "2106990"]
[BlackFideId "5101018"]
[WhiteElo "2252"]
[BlackElo "2161"]
[Result "1-0"]
[Round "10"]
[TimeControl "180+2"]
[Date "2023.05.30"]
[WhiteClock "0:00:59"]
[BlackClock "0:00:00"]

1. d4 d5 2. Nc3 Nf6 3. Bf4 c6 4. Nf3 Bf5 5. e3 e6 6. Ne5 h6 7. a3 Nbd7 8. Bd3 Bxd3 9. cxd3 Be7 10. O-O O-O 11. h3 Nxe5 12. dxe5 Nd7 13. e4 d4 14. Ne2 c5 15. Bh2 f6 16. exf6 Nxf6 17. Qb3 Qd7 18. Nf4 Kf7 19. Rfe1 g5 20. Ne2 a6 21. f4 Qb5 22. Qc2 g4 23. Ng3 gxh3 24. gxh3 Rg8 25. Kh1 Qd7 26. f5 Rg5 27. Rf1 Rag8 28. Rf3 Bd6 29. fxe6+ Qxe6 30. Nf5 Bxh2 31. Qxh2 Rg2 32. Qc7+ Nd7 33. Nxd4+ Ke7 34. Nxe6 Kxe6 35. Raf1 Re2 36. R3f2 Re3 37. Rf3 Re2 38. R1f2 Re1+ 39. Kh2 Rgg1 40. Qxb7 h5 41. Qd5+ Ke7 42. Rf7+ 1-0


[Site "https://www.chess.com"]